AoeStats
← Consultio

Arabia

510191390Analyzed
1v1 RM · 1d ago on Sep 29, 2026· 47m 58s· 2 players
Game mode
Random Map
Map size
Tiny (2 player)
Population
200
Speed
Normal
Resources
Standard
Victory
Conquest
Starting age
Dark Age
Ending age
Imperial Age
RankedLock teamsTeams togetherTeam positionsShared explorationLock speedFull tech treeHidden civsTurbo modeCheats
Victory
Defeat
🇬🇧 Inca · United Kingdom
1230
+15
🇺🇸 Bulgarians · United States
1216
-15
alexrochacity
3:41 Loom
10:51 Feudal Age
11:27 Double-Bit Axe
19:11 Fletching
24:47 Forging
25:52 Town Watch
30:28 Castle Age
31:11 Bodkin Arrow
Consultio
8:20 Loom
10:24 Feudal Age
19:57 Fletching
19:42 Champi Runner
19:45 Champi Runner
20:30 Scale Mail Armor
20:38 Double-Bit Axe
23:54 Forging
23:56 Horse Collar
25:00 Arson
28:23 Castle Age
26:49 Padded Archer Armor
28:27 Crossbowman
29:36 Squires
28:56 Champi Warrior
31:32 Wheelbarrow
34:36 Bodkin Arrow
34:44 Pikeman
37:55 Bow Saw
39:43 Hand Cart
40:56 Heavy Plow
41:52 Chain Mail Armor
44:31 Town Watch
45:22 Thumb Ring
46:39 Ballistics
49:17 Imperial Age
47:55 Stone Mining
47:57 Gold Mining
Connection lost

Rejoining the realm…

Still unreachable

The connection could not be restored.

Session expired

The server has moved on; the page needs a fresh start.